 Dungeon Crawl Stone Soup version 0.31-a0-358-gac0dbeb3ab (webtiles) character file.

Game seed: 11503333048361602043

784 bobarctor the Grave Robber (level 7, -7/46 HPs)
             Began as a Demonspawn Necromancer on July 25, 2023.
             Mangled by a gnoll
             ... wielding a +0 flail
             ... led by a gnoll bouda
              (9 damage)
             ... on level 4 of the Dungeon.
             The game lasted 00:21:19 (5407 turns).

bobarctor the Grave Robber (Demonspawn Necromancer) Turns: 5407, Time: 00:21:19

Health: -7/46      AC:  6    Str:  8    XL:     7   Next: 55%
Magic:  0/15       EV: 12    Int: 18    God:
Gold:   316        SH:  4    Dex: 14    Spells: 2/17 levels left

rFire   . . .        k - +4 dagger (drain)
rCold   . . .        (no shield)
rNeg    . . .        a - +0 robe
rPois   .            p - +0 helmet
rElec   .            h - +1 cloak
rCorr   .            (no gloves)
SInv    .            (no boots)
Will    .....        (no amulet)
Stlth   ++           (no ring)
HPRegen 0.27/turn    (no ring)
MPRegen 0.14/turn

%: no passive effects
@: no status effects
A: hooves 1, sharp scales 1, condensation shield
a: no special abilities


You were on level 4 of the Dungeon.
You visited 1 branch of the dungeon, and saw 5 of its levels.
You also visited: Sewer.

You collected 316 gold pieces.

Inventory:

Hand Weapons
 c - a +0 club
 e - a +0 dagger
 k - a +4 dagger of draining (weapon)
 s - a +2 dagger of speed
 v - the +4 whip "Xizxuape" {drain, rC- rCorr SInv}
   (You found it on level 4 of the Dungeon)

   rC:        It makes you vulnerable to cold.
   SInv:      It lets you see invisible.
   rCorr:     It protects you from acid and corrosion.
Missiles
 g - 25 stones
 n - 32 poisoned darts
 q - 2 curare-tipped darts
 y - a throwing net
Armour
 a - a +0 robe (worn)
 h - a +1 cloak (worn)
 p - a +0 helmet (worn)
Magical Staves
 w - a staff of death
Talismans
 j - a beast talisman
Scrolls
 d - 3 scrolls of fear
 m - 3 scrolls of blinking
 r - a scroll of enchant armour
 t - 2 scrolls of teleportation
Potions
 b - 5 potions of magic
 f - a potion of lignification
 i - 2 potions of haste
 l - a potion of invisibility
 o - 2 potions of mutation {unknown}
 u - a potion of cancellation {unknown}
 x - a potion of resistance {unknown}


   Skills:
 + Level 2.1 Dodging
 + Level 2.5 Stealth
 + Level 0.1 Shields
 * Level 5.8 Spellcasting
 + Level 6.6 Necromancy
 * Level 2.3 Air Magic


You had 2 spell levels left.
You knew the following spells:

 Your Spells              Type           Power      Damage    Failure   Level
a - Necrotise             Necr           100%       1d9       1%          1
b - Vampiric Draining     Necr           29%        2d8       2%          3
c - Static Discharge      Conj/Air       18%        2-3/arc   12%         2
d - Agony                 Necr           29%        N/A       22%         5
e - Airstrike             Air            6%         2d(1-17)  43%         4

Your spell library contained the following spells:

 Spells                   Type           Power      Damage    Failure   Level
 Ensorcelled Hibernation  Hex/Ice        10%        N/A       19%         2
 Animate Dead             Necr           29%        N/A       8%          4
 Anguish                  Hex/Necr       8%         N/A       30%         4
 Summon Lightning Spire   Summ/Air       9%         N/A       58%         4
 Summon Ice Beast         Ice/Summ       5%         N/A       77%         4
 Summon Mana Viper        Hex/Summ       5%         N/A       98%         5
 Monstrous Menagerie      Summ           2%         N/A       100%        7


Dungeon Overview and Level Annotations

Branches:
Dungeon (5/15)              Sewer (visited)
 Temple: D:4-7

Altars:
Qazlal


Innate Abilities, Weirdness & Mutations

You have large cloven feet.
You are partially covered in razor-sharp scales. (AC +1, Slay +1)
A meltable shield of frost defends you. (SH +4)


Message History

You kill the gnoll bouda!
You feel life coursing into your body.
Your attacks no longer feel as feeble.
The gnoll closely misses you.
Your gnoll skeleton hits the gnoll.
The gnoll hits you with a +0 flail!
Your magical contamination has completely faded away.
You hit the gnoll. You kick the gnoll, but do no damage.
The gnoll is moderately wounded.
The gnoll is no longer moving quickly.
The gnoll hits you from afar with a +0 spear.
Your gnoll skeleton barely misses the gnoll.
Your gnoll skeleton closely misses the gnoll.
The gnoll hits you with a +0 flail.
Your gnoll skeleton hits the gnoll.
You block the gnoll's attack. The gnoll attacks as you move away!
The gnoll hits you with a +0 flail!
* * * LOW HITPOINT WARNING * * *
The gnoll hits you with a +0 flail.
* * * LOW HITPOINT WARNING * * *
The gnoll hits you with a +0 flail.
* * * LOW HITPOINT WARNING * * *
The gnoll attacks as you move away! You block the gnoll's attack.
The gnoll barely misses you. The gnoll attacks as you move away!
You block the gnoll's attack.
Casting: Vampiric Draining (dangerous; 2% risk of failure)
Confirm with . or Enter, or press ? or * to list all spells.
Aiming: Vampiric Draining (dangerous; 2% risk of failure)
Press: ? - help, Shift-Dir - straight line, f - gnoll
Aim: a gnoll, wielding a +0 flail (lightly wounded, covering ground quickly, ally target)
You draw life force from the gnoll.
You feel life coursing into your body. The gnoll hits you but does no damage.
The gnoll attacks as you move away! The gnoll hits you with a +0 spear.
* * * LOW HITPOINT WARNING * * *
The gnoll misses you.
The gnoll is no longer moving quickly.
The gnoll attacks as you move away! The gnoll hits you with a +0 flail.
* * * LOW HITPOINT WARNING * * *
Okay, then.
The gnoll attacks as you move away! The gnoll hits you with a +0 flail!
You die...

##..##.#..#.....#.......#.
###.##.##.............###.
#...##......#.........###.
#..###......#####.....##..
####..##......##.....#...#...
#........##.>###.............
#.>.....##...###.............
#......##...###..............
####........@gg.Z............
##....#....#.#.#Z..........<
#..........####............)
##.....###.#####............
##.......#..#.####...........
#.^..............#...........
##...........###.............
#...)..##..## #.#...........
###.....#...# ###.....#.#...


You could see 2 gnolls and 2 friendly gnoll skeletons.

Vanquished Creatures
  A sky beast (D:4)
  4 kobold brigands (Sewer)
  A gnoll bouda (D:4)
  A sleepcap (D:4)
  2 iguanas
  Robin (D:2)
  9 gnolls
  7 adders
  2 river rats (Sewer)
  A white imp (D:5)
  An ufetubus (D:5)
  A worm (D:3)
  A dart slug (D:1)
  6 orcs
  4 bats
  3 endoplasms
  4 giant cockroaches
  16 goblins
  6 hobgoblins
  3 jackals
  3 quokkas
  12 ball pythons
  5 frilled lizards
  11 kobolds
  8 rats
113 creatures vanquished.

Vanquished Creatures (collateral kills)
  A gnoll (D:5)
  A jackal (Sewer)
  A frilled lizard (Sewer)
  A rat (D:3)
4 creatures vanquished.

Grand Total: 117 creatures vanquished

Notes
Turn   | Place    | Note
-------+----------+-------------------------------------------
     0 | D:1      | bobarctor the Demonspawn Necromancer began the quest for
                  | the Orb.
     0 | D:1      | Reached XP level 1. HP: 13/13 MP: 3/3
   306 | D:1      | Gained mutation: You have large cloven feet. [demonic
                  | ancestry]
   306 | D:1      | Reached XP level 2. HP: 19/19 MP: 1/5
   717 | D:1      | Reached skill level 5 in Necromancy
  1188 | D:2      | Gained mutation: A meltable shield of frost defends you.
                  | (SH +4) [demonic ancestry]
  1188 | D:2      | Reached XP level 3. HP: 24/24 MP: 3/6
  1242 | D:2      | Found a faded altar of an unknown god.
  1750 | D:2      | Noticed Robin
  1766 | D:2      | Killed Robin
  1767 | D:2      | Reached XP level 4. HP: 22/30 MP: 3/8
  2310 | D:3      | Learned a level 3 spell: Vampiric Draining
  2482 | D:3      | Found a glowing drain.
  2519 | D:3      | Learned a level 2 spell: Static Discharge
  2520 | Sewer    | Entered a sewer
  2566 | Sewer    | Noticed a kobold brigand
  2579 | Sewer    | Killed a kobold brigand
  2580 | Sewer    | Gained mutation: You are partially covered in razor-sharp
                  | scales. (AC +1, Slay +1) [demonic ancestry]
  2580 | Sewer    | Reached XP level 5. HP: 15/35 MP: 1/11
  2790 | Sewer    | Reached skill level 1 in Air Magic
  2909 | Sewer    | Reached XP level 6. HP: 37/41 MP: 4/13
  3135 | Sewer    | Reached skill level 5 in Spellcasting
  3135 | Sewer    | Reached skill level 6 in Necromancy
  3746 | D:3      | Learned a level 5 spell: Agony
  3751 | D:3      | Learned a level 4 spell: Airstrike
  4259 | D:4      | Identified the +4 whip "Xizxuape" {drain, rC- rCorr SInv}
  4299 | D:4      | Found a stormy altar of Qazlal.
  4299 | D:4      | Noticed a sky beast
  4322 | D:4      | Killed a sky beast
  4323 | D:4      | Reached XP level 7. HP: 39/46 MP: 5/15
  4793 | D:4      | You fall into a shaft and drop 1 floor!
  4793 | D:5      | Entered Level 5 of the Dungeon
  5406 | D:4      | HP: 2/46 [gnoll/+0 flail[a gnoll bouda] (4)]
  5407 | D:4      | Mangled by a gnoll

Illustrated notes

Levels and vault maps discovered:
D:1:      evilmike_arrival_fibonacci_small, layout_loops_ring, serial_glass,
          glass_columns_a, glass_columns_a, glass_columns_b, glass_columns_a,
          glass_columns_b, glass_columns_a, glass_columns_a, glass_columns_b
D:2:      layout_loops_ring, nicolae_ecumenical_snake_handling, uniq_robin
D:3:      layout_basic, portal_sewer_entry_a
D:4:      layout_cave_pools, nicolae_qazlal_beasts_of_the_sky, elyvilon_altar_4
D:5:      layout_basic, dk_yredelemnul_ordeal, gammafunk_temple_overflow_wave,
          minmay_misc_feat_doors

Skill      XL: |  1  2  3  4  5  6  7 |
---------------+----------------------+-----
Necromancy     | 5 6 |  6.6
Spellcasting   | 3 4 5 |  5.8
Dodging        | 2 |  2.1
Stealth        | 2 |  2.5
Air Magic      | 1 2 |  2.3
Shields        | |  0.1

Action                     |  1- 3 |  4- 6 |  7- 9 || total
---------------------------+-------+-------+-------++-------
  Melee: Club              |     1 |       |       ||     1
         Dagger            |    11 |    43 |    11 ||    65
         Kick              |     2 |    24 |     4 ||    30
         Punch             |       |     2 |       ||     2
   Cast: Necrotise         |    75 |    82 |    67 ||   224
         Vampiric Draining |       |     4 |     4 ||     8
    Use: Scroll            |       |     5 |     3 ||     8
 Armour: Robe              |     2 |     4 |    10 ||    16
  Dodge: Dodged            |     9 |    20 |    30 ||    59
  Block: Other             |     4 |     8 |    14 ||    26

Table legend: (Time is in decaauts)
 A = Elapsed time spent in this place.
 B = Non-inter-level travel time spent in this place.
 C = Inter-level travel time spent in this place.
 D = Time resting spent in this place.
 E = Time spent auto-exploring this place.
 F = Levels seen in this place.
 G = Mean time per level.
                   A        B        C        D        E       F      G
               +--------+--------+--------+--------+--------+-----+--------+
         Total |   5576 |   5535 |     41 |    819 |   3610 |   6 |  929.3 |
       Dungeon |   4268 |   4227 |     41 |    591 |   2937 |   5 |  853.6 |
         Sewer |   1308 |   1308 |      0 |    228 |    673 |   1 | 1308.0 |
               +--------+--------+--------+--------+--------+-----+--------+

Top non-repeatable levels by time:
   Sewer: 1308 daAuts
     D:2: 1137 daAuts
     D:1: 1021 daAuts
     D:3: 949 daAuts
     D:4: 714 daAuts
     D:5: 445 daAuts
